 Dungeon Crawl Stone Soup version 0.25.1-8-g42b30a86e7 (webtiles) character file.

Game seed: 13302932936927321376

13885 sahdkjhfkaj the Brawler (level 11, -9/105 HPs)
             Began as a Troll Venom Mage on Dec 3, 2020.
             Was a High Priest of Okawaru.
             Mangled by a yak (11 damage)
             ... on level 2 of the Lair of Beasts.
             The game lasted 00:19:47 (9613 turns).

sahdkjhfkaj the Brawler (Troll Venom Mage)          Turns: 9613, Time: 00:19:48

Health: -9/105     AC:  8    Str: 19 (21) XL:     11   Next: 81%
Magic:  13/13      EV: 10    Int: 10 (11) God:    Okawaru [*****.]
Gold:   531        SH:  0    Dex:  7 (10) Spells: 11/12 levels left

rFire    + . .     SeeInvis .     - Unarmed
rCold    . . .     Gourm    +   (no shield)
rNeg     . . .     Faith    .   G - +2 robe {MR+}
rPois    .         Spirit   .   (helmet restricted)
rElec    .         Reflect  .   (no cloak)
rCorr    .         Harm     .   (gloves unavailable)
MR       ++...                  (boots unavailable)
Stlth    +.........             m - amulet of the acrobat
HPRegen  0.67/turn              p - ring of protection from magic
MPRegen  0.13/turn              z - ring of protection from fire

@: no status effects
A: large, unfitting armour, claws 3, fast metabolism 3, gourmand, regeneration
1, shaggy fur 1, tough skin 3
a: Heroism, Finesse, Renounce Religion


You were on level 2 of the Lair of Beasts.
You worshipped Okawaru.
Okawaru was extremely pleased with you.
You were full.

You visited 3 branches of the dungeon, and saw 13 of its levels.
You also visited: Ossuary.

You collected 531 gold pieces.

Inventory:

Missiles
 y - 3 throwing nets (quivered) {!f}
 H - 3 silver javelins
Armour
 G - a +2 robe of magic resistance (worn)
 M - the cursed +0 robe "Etosihia" {rElec Regen+, unknown}
   (You found it on level 1 of the Lair of Beasts)

   It insulates you from electricity.
   It increases your rate of regeneration.
   It has a curse placed upon it.
Jewellery
 m - an amulet of the acrobat (around neck)
 p - a ring of protection from magic (left claw)
 r - an uncursed ring of see invisible
 z - a ring of protection from fire (right claw)
 J - an uncursed ring of ice
 L - an uncursed ring of magical power
Wands
 k - a wand of acid (7)
 u - a wand of paralysis (12)
 A - a wand of random effects (6)
 F - a wand of flame (14)
 I - a wand of digging (6)
Scrolls
 g - 5 scrolls of remove curse {!r}
 i - 2 scrolls of magic mapping {!r}
 j - a scroll of fog {!r}
 q - 2 scrolls of fear {!r}
 s - 3 scrolls of noise {!r}
 w - 4 scrolls of enchant armour {!r}
 x - 5 scrolls of teleportation {!r}
 B - a scroll of amnesia {!r}
Potions
 a - a potion of invisibility {!q, unknown}
 b - a potion of magic {!q, unknown}
 c - 6 potions of curing {!q}
 d - 5 potions of flight {!q}
 e - 2 potions of degeneration {!q}
 h - a potion of brilliance {!q, unknown}
 l - 2 potions of heal wounds {!q}
 n - 2 potions of stabbing {!q, unknown}
 o - 2 potions of ambrosia {!q, unknown}
 t - 2 potions of cancellation {!q, unknown}
 v - 2 potions of lignification {!q, unknown}
 C - a potion of mutation {!q, unknown}
 D - a potion of might {!q, unknown}
 E - a potion of berserk rage {!q, unknown}
 K - a potion of resistance {!q, unknown}
Comestibles
 f - 16 rations


   Skills:
 + Level 6.1 Fighting
 - Level 2.0 Throwing
 - Level 2.0 Dodging
 - Level 1.0 Stealth
 - Level 15.0 Unarmed Combat
 - Level 1.2 Spellcasting
 - Level 0.6 Transmutations
 - Level 2.1 Poison Magic
 - Level 3.0 Invocations
 - Level 5.0 Evocations


You had 11 spell levels left.
You knew the following spells:

 Your Spells              Type           Power        Failure   Level  Hunger
a - Sting                 Tmut/Pois      #...         19%         1    ##.....

Your spell library contained the following spells:

 Spells                   Type           Power        Failure   Level  Hunger
 Beastly Appendage        Tmut           #.....       26%         1    ##.....
 Poisonous Vapours        Pois/Air       #.....       32%         2    ###....
 Sticks to Snakes         Tmut           #.......     38%         2    ###....
 Spider Form              Tmut/Pois      #.........   50%         3    ####...
 Ignite Poison            Fire/Tmut/Pois #.......     56%         3    ####...
 Mephitic Cloud           Conj/Pois/Air  #.......     58%         3    ####...
 Olgreb's Toxic Radiance  Pois           #.......     80%         4    #####..
 Ice Form                 Ice/Tmut       #.......     96%         4    #####..
 Blade Hands              Tmut           #.........   100%        5    ######.


Dungeon Overview and Level Annotations

Branches:
Dungeon (10/15)            Temple (1/1) D:6            Lair (2/6) D:9
Ossuary (visited)
  Swamp: Lair:2-4    Shoals: Lair:2-4     Snake: Lair:2-4    Spider: Lair:2-4
    Orc: D:9-12

Altars:
Ashenzari
Cheibriados
Dithmenos
Elyvilon
Fedhas
Gozag
Hepliaklqana
Kikubaaqudgha
Makhleb
Nemelex Xobeh
Okawaru
Qazlal
Ru
Sif Muna
Trog
Uskayaw
Vehumet
Wu Jian
Xom
Yredelemnul
Zin
The Shining One

Shops:
D:6 (*

Annotations:
Lair:1 15-headed hydra!!!


Innate Abilities, Weirdness & Mutations

You are too large for most types of armour.
You have claws for hands.
Your metabolism is lightning-fast.
You like to eat raw meat.
Your natural rate of healing is unusually fast.
You are covered in fur. (AC +1)
You have extremely tough skin. (AC +3)


Message History

The spiny frog stings you!
* * * LOW HITPOINT WARNING * * *
You mangle the spiny frog!!
You kill the spiny frog!
Okawaru accepts your kill.
Your Fighting skill increases to level 6!
You claw the yak!
The yak is moderately wounded.
The yak gores you!
* * * LOW HITPOINT WARNING * * *
You scratch the yak.
The yak is heavily wounded.
The yak gores you.
* * * LOW HITPOINT WARNING * * *
You scratch the yak but do no damage.
The yak is heavily wounded.
You claw the yak!
The yak is severely wounded.
The yak gores you!
You die...

#...#.. ..#
#.....# ..#
##.....## ...
#....#..##..
##...P.#..#
##........#
###P..#.#...#
.......<...Y##
.#P/......##@#
####.#######.#
## ##


You could see a yak.

Vanquished Creatures
  Josephine (D:10)
  Harold (D:9)
  Fannar (D:10)
  Erica (Lair:2)
  A two-headed ogre (D:8)
  Urug (D:10)
  Pikel (D:8)
  Psyche (D:8)
  2 spiny frogs
  A rime drake (Lair:1)
  A troll (D:10)
  A hippogriff (Lair:1)
  9 yaks
  5 wraiths (D:10)
  2 wyverns
  A hungry ghost (D:7)
  A basilisk (D:9)
  4 water moccasins
  3 porcupines (D:9)
  A black bear (D:8)
  3 orc warriors
  A sky beast (D:9)
  5 phantoms
  2 ogres
  2 centaurs
  2 crocodiles (D:9)
  4 bullfrogs
  A wyvern zombie (D:7)
  A gnoll sergeant (D:6)
  A water moccasin zombie (D:8)
  2 wyvern skeletons
  A water moccasin skeleton (D:9)
  2 scorpions
  5 killer bees (D:7)
  6 wights
  9 howler monkeys
  3 crimson imps
  8 jellies
  5 hounds
  4 orc priests
  9 orc wizards
  4 iguanas
  4 worker ants
  8 big kobold zombies (Ossuary)
  A hound skeleton (D:8)
  A hound zombie (D:7)
  A mummy (Ossuary)
  9 adders
  14 gnolls
  2 shadow imps
  An ooze (D:3)
  2 adder zombies
  3 adder skeletons
  4 worms
  4 dart slugs
  5 leopard geckos
  37 orcs
  4 spectral bats (Ossuary)
  A ball python (D:1)
  5 bat simulacra (Ossuary)
  2 giant cockroaches
  6 gnoll zombies
  13 goblins
  7 hobgoblins
  A jackal (D:7)
  4 quokkas
  4 bats
  9 frilled lizards
  4 goblin simulacra (Ossuary)
  A goblin zombie (Ossuary)
  5 hobgoblin zombies (Ossuary)
  6 kobolds
  2 kobold simulacra (Ossuary)
  4 kobold zombies (Ossuary)
  A leopard gecko skeleton (D:4)
  8 orc zombies (Ossuary)
  A quokka skeleton (D:6)
  10 rats
  3 rat simulacra (Ossuary)
  4 spectral goblins (Ossuary)
  2 spectral kobolds (Ossuary)
  4 spectral rats (Ossuary)
326 creatures vanquished.

Vanquished Creatures (others)
  2 slaves (D:8)
  A bullfrog (D:8)
  A howler monkey (D:8)
  A bullfrog zombie (D:8)
  An adder (D:8)
  3 orcs (D:8)
9 creatures vanquished.

Grand Total: 335 creatures vanquished

Notes
Turn   | Place    | Note
-------+----------+-------------------------------------------
     0 | D:1      | sahdkjhfkaj the Troll Venom Mage began the quest for the
                  | Orb.
     0 | D:1      | Reached XP level 1. HP: 16/16 MP: 1/1
    75 | D:1      | Reached skill level 1 in Unarmed Combat
   111 | D:1      | Reached XP level 2. HP: 24/24 MP: 2/2
   171 | D:1      | Reached skill level 2 in Unarmed Combat
   642 | D:2      | Reached XP level 3. HP: 31/31 MP: 3/3
   704 | D:2      | Reached skill level 3 in Unarmed Combat
  1160 | D:2      | Noticed a phantom
  1221 | D:2      | Killed a phantom
  1221 | D:2      | Reached skill level 4 in Unarmed Combat
  1221 | D:2      | Reached skill level 1 in Fighting
  1221 | D:2      | Reached XP level 4. HP: 18/42 MP: 4/4
  1221 | D:2      | Reached XP level 5. HP: 21/49 MP: 5/5
  1834 | D:3      | Found a shattered altar of Ashenzari.
  2163 | D:3      | Found a stormy altar of Qazlal.
  2248 | D:3      | Reached XP level 6. HP: 57/61 MP: 6/6
  2430 | D:4      | Found a sand-covered staircase.
  2436 | D:4      | Reached skill level 5 in Unarmed Combat
  2790 | Ossuary  | Entered an ossuary
  2866 | Ossuary  | Reached skill level 6 in Unarmed Combat
  2919 | Ossuary  | Reached XP level 7. HP: 64/67 MP: 7/7
  3394 | D:4      | Reached skill level 7 in Unarmed Combat
  3461 | D:4      | Found a snail-covered altar of Cheibriados.
  3461 | D:4      | Found a hide-covered altar of Uskayaw.
  3461 | D:4      | Found a burning altar of Makhleb.
  3709 | D:5      | Entered Level 5 of the Dungeon
  4046 | D:5      | Reached skill level 8 in Unarmed Combat
  4285 | D:5      | Reached XP level 8. HP: 75/75 MP: 8/8
  4418 | D:6      | Found a staircase to the Ecumenical Temple.
  4474 | Temple   | Entered the Ecumenical Temple
  4482 | Temple   | Became a worshipper of Warmaster Okawaru
  4503 | D:6      | Reached skill level 1 in Invocations
  4539 | D:6      | Reached skill level 9 in Unarmed Combat
  4618 | D:6      | Reached skill level 1 in Evocations
  4919 | D:6      | Found Gefeafo's Antique Weapon Boutique.
  5003 | D:6      | Found Tyhod's Assorted Antiques.
  5188 | D:7      | Reached * piety under Okawaru
  5268 | D:7      | Found a shimmering blue altar of Sif Muna.
  5375 | D:7      | Reached skill level 10 in Unarmed Combat
  5579 | D:7      | Reached XP level 9. HP: 79/81 MP: 9/9
  5864 | D:7      | Reached skill level 11 in Unarmed Combat
  5998 | D:7      | Reached ** piety under Okawaru
  6020 | D:7      | Found a hazy altar of Hepliaklqana.
  6256 | D:8      | Reached skill level 12 in Unarmed Combat
  6331 | D:8      | Noticed a two-headed ogre
  6334 | D:8      | Killed a two-headed ogre
  6334 | D:8      | Reached *** piety under Okawaru
  6462 | D:8      | Noticed Pikel
  6473 | D:8      | Killed Pikel
  6473 | D:8      | Reached **** piety under Okawaru
  6473 | D:8      | Reached skill level 13 in Unarmed Combat
  6473 | D:8      | Reached XP level 10. HP: 60/92 MP: 10/10
  6582 | D:8      | Noticed Psyche
  6585 | D:8      | Killed Psyche
  6715 | D:8      | Reached skill level 5 in Fighting
  6914 | D:8      | Found a hazy altar of Hepliaklqana.
  6917 | D:8      | Reached skill level 1 in Throwing
  6937 | D:8      | Found a shimmering altar of Xom.
  7056 | D:9      | Noticed Harold
  7057 | D:9      | Found a staircase to the Lair.
  7073 | D:9      | Killed Harold
  7073 | D:9      | Reached ***** piety under Okawaru
  7108 | D:9      | HP: 2/96 [yak (7)]
  7321 | D:9      | Found a basalt altar of Yredelemnul.
  7445 | D:9      | Received a gift from Okawaru
  7571 | D:9      | Found a radiant altar of Vehumet.
  7838 | D:9      | Received a gift from Okawaru
  7866 | D:9      | Reached XP level 11. HP: 99/102 MP: 13/13
  8151 | D:10     | Entered Level 10 of the Dungeon
  8204 | D:10     | Noticed Josephine
  8214 | D:10     | Killed Josephine
  8214 | D:10     | Reached skill level 14 in Unarmed Combat
  8410 | D:10     | Reached skill level 5 in Evocations
  8534 | D:10     | Noticed Urug
  8556 | D:10     | Killed Urug
  8796 | D:10     | Noticed Fannar
  8802 | D:10     | Killed Fannar
  9316 | Lair:1   | Entered Level 1 of the Lair of Beasts
  9329 | Lair:1   | Got an ominously black robe
  9347 | Lair:1   | Received a gift from Okawaru
  9364 | Lair:1   | HP: 5/102 [poisoned by a water moccasin]
  9529 | Lair:1   | Noticed a six-headed hydra
  9572 | Lair:2   | Noticed Erica
  9587 | Lair:2   | Killed Erica
  9587 | Lair:2   | Reached skill level 15 in Unarmed Combat
  9602 | Lair:2   | HP: 5/105 [yak (13)]
  9610 | Lair:2   | HP: 4/105 [yak (12)]
  9611 | Lair:2   | HP: 1/105 [yak (4)]
  9613 | Lair:2   | Mangled by a yak

Illustrated notes

Levels and vault maps discovered:
D:1:      dpeg_arrival_another_circle, layout_rooms
D:2:      layout_basic, hangedman_feature_mirror
D:3:      layout_basic, cheibrodos_ashenzari_chains, overflow_temple_1_default,
          roderic_roman_lattice
D:4:      layout_rooms, gammafunk_temple_overflow_forgotten, enter_ossuary_1,
          first_ration
D:5:      layout_basic
D:6:      layout_basic, minmay_temple_entry_large_hall, serial_shops, shop,
          nicolae_shop_trees
D:7:      cheibrodos_quashed, layout_basic, led_sif_pool, basic_altar,
          due_unseen_surprise
D:8:      layout_loops_ring, regret_index_temple_of_mockery, uniq_pikel,
          uniq_psyche
D:9:      layout_roguey, lemuel_zombie_altar_yredelemnul, vehumet_altar_wand_db,
          minmay_lair_entry_grove, uniq_harold
D:10:     layout_loops_corners, uniq_josephine, uniq_urug, uniq_fannar
Temple:   nicolae_temple_no_exploring_needed
Lair:1:   layout_chaotic_city, basic_altar, beast_lair_carwin_5,
          grunt_megastairs_5, serial_bayou_shore_a
Lair:2:   layout_loops_ring, palyth_hydra_swamp_entry, grunt_megastairs_1,
          uniq_maggie, uniq_erica, uniq_gastronok

Skill      XL: |  1  2  3  4  5  6  7  8  9 10 11 |
---------------+----------------------------------+-----
Unarmed Combat | 1 2 4 6 8 10 13 15 | 15.0
Fighting       | 1 3 5 6 |  6.1
Invocations    | 1 3 |  3.0
Evocations     | 2 4 5 |  5.0
Throwing       | 2 |  2.0
Dodging        | 2 |  2.0
Stealth        | |  1.0
Spellcasting   | |  1.2
Transmutations | |  0.6
Poison Magic   | |  2.1

Action                   |  1- 3 |  4- 6 |  7- 9 | 10-12 || total
-------------------------+-------+-------+-------+-------++-------
Melee: Unarmed           |   105 |   230 |   447 |   346 ||  1128
       Punch             |     2 |     3 |    18 |    22 ||    45
       Triple sword      |       |       |       |     2 ||     2
Throw: Throwing net      |       |       |       |     1 ||     1
 Cast: Sting             |     2 |       |       |       ||     2
Evoke: Wand              |       |       |       |     4 ||     4
  Use: Scroll            |       |     3 |     4 |     5 ||    12
       Potion            |       |       |       |     4 ||     4
 Stab: Sleeping          |     3 |       |     4 |       ||     7
       Paralysed         |       |       |       |     1 ||     1
       Distracted        |       |       |       |     1 ||     1
  Eat: Chunk             |    16 |    15 |    39 |    25 ||    95
       Ration            |       |       |     1 |       ||     1
Armor: Robe              |    24 |    75 |    90 |    70 ||   259
Dodge: Dodged            |    41 |   138 |   230 |   156 ||   565
       Rpst.: Triple sword |       |       |       |     1 ||     1
